 Dungeon Crawl Stone Soup version 0.32-a0-422-g28b100f618 (webtiles) character file.

Game seed: 3147199361070092226

0 Bravepunisher the Changeling (level 1, -2/9 HPs)
             Began as a Spriggan Shapeshifter on Feb 21, 2024.
             Slain by an adder (4 damage)
             ... on level 2 of the Dungeon.
             The game lasted 00:00:16 (40 turns).

Bravepunisher the Changeling (Spriggan Shapeshifter)  Turns: 40, Time: 00:00:17

Health: -2/9       AC:  2    Str: 10    XL:     1   Next: 0%
Magic:  2/2        EV: 17    Int: 11    God:
Gold:   0          SH:  0    Dex: 14    Spells: 0/0 levels left

rFire   . .          .
                       - Unarmed
rCold   . . .        (no shield)
rNeg    . . .        a - +0 animal skin
rPois   .            (helmet currently unavailable)
rElec   .            (cloak currently unavailable)
rCorr   .            (gloves unavailable)
SInv    +            (boots unavailable)
Will    .....        (no amulet)
Stlth   +            (no ring)
HPRegen 0.21/turn    (no ring)
MPRegen 0.08/turn

%: no passive effects
@: beast-form, very quick
A: beast (slay +2), very small, no large weapons, unfitting armour, see
invisible, speed 3
a: Begin Untransformation


You were on level 2 of the Dungeon.
You were a hulking beast.
You visited 1 branch of the dungeon, and saw 2 of its levels.

Inventory:

Armour
 a - a +0 animal skin (worn)
Talismans
 c - a beast talisman (active)
 d - a flux talisman
Scrolls
 e - a scroll of acquirement {unknown}
 f - a scroll of noise {unknown}
Potions
 b - a potion of lignification


   Skills:
 + Level 0.7 Fighting
 + Level 2.6 Dodging
 - Level 2.4 Unarmed Combat
 * Level 4.0 Shapeshifting


You couldn't memorise any spells.
You didn't know any spells.
Your spell library was empty.

Dungeon Overview and Level Annotations

Branches:
Dungeon (1/15)

Altars:


Innate Abilities, Weirdness & Mutations

You are a hulking beast.
Your limbs bulge with bestial killing power. (Slay +2)
You are very small and have problems with some larger weapons.
You are too small for most types of armour.
You have supernaturally acute eyesight. (SInv)
You cover ground extremely quickly. (Speed+++)


Message History

Found a scroll labelled SUIDWEXKOP.
Found a stone staircase leading down.
A jackal comes into view.
Found a stone staircase leading up.
The jackal barks! x3; You hear an angry hiss.
The jackal misses you.
You barely miss the jackal.
The jackal bites you but does no damage.
The jackal completely misses you. The jackal barely misses you.
The jackal closely misses you. The jackal closely misses you.
The jackal completely misses you.
An adder comes into view.
You closely miss the jackal. The jackal misses you.
You closely miss the jackal. The jackal bites you. x2
The jackal barely misses you. The jackal closely misses you. x2
You completely miss the jackal.
The jackal bites you but does no damage.
The jackal barely misses you.
The jackal bites you but does no damage.
The jackal barely misses you.
You barely miss the jackal. The jackal barely misses you.
The jackal closely misses you. The jackal misses you.
You hit the jackal.
The jackal is almost dead.
The jackal closely misses you. The jackal bites you.
The jackal barely misses you. The jackal misses you.
The jackal closely misses you.
You barely miss the jackal.
The jackal is almost dead.
The jackal misses you. x2; The jackal bites you.
The jackal closely misses you.
You closely miss the jackal.
The jackal is almost dead.
The jackal bites you.
* * * LOW HITPOINT WARNING * * *
The jackal closely misses you. The jackal barely misses you.
The jackal misses you.
You punch the jackal!
You kill the jackal!
The jackal barely misses you. The jackal misses you.
The jackal completely misses you. The adder bites you.
You die...

....#.
#......
##.......
......#..
......#
####.#.#.#
#.hS>.<#.#
#.hh.?##.#
#####..##.#
#..........#
#.##########


You could see an adder and 2 jackals.

Vanquished Creatures
  A jackal (D:2)
1 creature vanquished.

Notes
Turn   | Place    | Note
-------+----------+-------------------------------------------
     0 | D:1      | Bravepunisher the Spriggan Shapeshifter began the quest for
                  | the Orb.
     0 | D:1      | Reached XP level 1. HP: 9/9 MP: 2/2
    24 | D:1      | You fall into a shaft and drop 1 floor!
    40 | D:2      | Slain by an adder

Illustrated notes

Levels and vault maps discovered:
D:1:      beargit_arrival_greenhouse, layout_basic, minmay_misc_feat_tiny
D:2:      layout_basic

Action                     || total
---------------------------++-------
  Melee: Unarmed           ||     9
 Armour: Animal skin       ||     9
  Dodge: Dodged            ||    28

Table legend: (Time is in decaauts)
 A = Elapsed time spent in this place.
 B = Non-inter-level travel time spent in this place.
 C = Inter-level travel time spent in this place.
 D = Time resting spent in this place.
 E = Time spent auto-exploring this place.
 F = Levels seen in this place.
 G = Mean time per level.
                   A        B        C        D        E       F      G
               +--------+--------+--------+--------+--------+-----+--------+
         Total |     28 |     28 |      0 |      0 |     14 |   2 |   14.0 |
       Dungeon |     28 |     28 |      0 |      0 |     14 |   2 |   14.0 |
               +--------+--------+--------+--------+--------+-----+--------+

Top non-repeatable levels by time:
     D:1: 15 daAuts
     D:2: 12 daAuts
